 Dungeon Crawl Stone Soup version 0.31.0-11-ge490571c62 (webtiles) character file.

Game seed: 1530647660077109352

1311 Curundu the Cleaver (level 8, -3/73 HPs)
             Began as a Minotaur Berserker on Feb 1, 2024.
             Was a Priest of Trog.
             Slain by a two-headed ogre
             ... wielding a +0 heavy dire flail
              (15 damage)
             ... on level 5 of the Dungeon.
             The game lasted 00:12:41 (5255 turns).

Curundu the Cleaver (Minotaur Berserker)            Turns: 5255, Time: 00:12:42

Health: -3/73      AC: 12    Str: 24    XL:     8   Next: 32%
Magic:  7/7        EV: 10    Int:  4    God:    Trog [***...]
Gold:   326        SH:  0    Dex: 10    Spells: 7/7 levels left

rFire   . . .        t - +0 war axe
rCold   . . .        (no shield)
rNeg    . . .        o - +0 chain mail
rPois   .            (helmet restricted)
rElec   .            n - +0 cloak
rCorr   .            i - +0 pair of gloves
SInv    .            (no boots)
Will    .....        (no amulet) Stlth
                     (no ring)
HPRegen 0.32/turn    (no ring)
MPRegen 0.10/turn

%: no passive effects
@: no status effects
A: horns 2, retaliatory headbutt
a: Renounce Religion, Berserk, Trog's Hand


You were on level 5 of the Dungeon.
You worshipped Trog.
Trog was most pleased with you.
You visited 1 branch of the dungeon, and saw 5 of its levels.
You also visited: Sewer.

You collected 420 gold pieces.
You spent 94 gold pieces at shops.

Inventory:

Hand Weapons
 t - a +0 war axe (weapon)
Missiles
 e - 4 boomerangs (quivered)
Armour
 i - a +0 pair of gloves (worn)
 n - a +0 cloak (worn)
 o - a +0 chain mail (worn)
Jewellery
 l - a ring of ice
Wands
 q - a wand of iceblast (8)
 s - a wand of polymorph (10)
Scrolls
 b - a scroll of vulnerability
 c - 2 scrolls of identify
 d - a scroll of teleportation
 f - a scroll of noise
 g - a scroll of revelation
 j - 3 scrolls of summoning
 m - 2 scrolls of blinking
Potions
 h - 2 potions of brilliance
 k - a potion of degeneration {unknown}
 p - 2 potions of curing {unknown}
 r - a potion of berserk rage


   Skills:
 + Level 7.0 Fighting
 + Level 8.2 Axes
 + Level 6.3 Armour
 + Level 4.3 Dodging
 + Level 1.3 Stealth


You had 7 spell levels left.
You didn't know any spells.
Your spell library was empty.

Dungeon Overview and Level Annotations

Branches:
Dungeon (5/15)              Sewer (visited)
 Temple: D:4-7

Altars:
Ashenzari
Hepliaklqana
Xom

Shops:
D:4 *


Innate Abilities, Weirdness & Mutations

You have a pair of horns on your head.
You reflexively headbutt those who attack you in melee.


Message History

The hound barely misses you. You furiously retaliate!
You headbutt the hound! The hound bites you but does no damage.
You closely miss the hound.
The hound is heavily wounded.
The hound barely misses you. x2
You slash the hound!
You kill the hound!
Trog accepts your kill.
Your Fighting skill increases to level 7!
Found a potion of brilliance.
Found an escape hatch in the floor.
h - 2 potions of brilliance (gained 1)
A two-headed ogre opens the door.
You slash the two-headed ogre! You headbutt the two-headed ogre.
The two-headed ogre is moderately wounded.
The two-headed ogre misses you.
The two-headed ogre hits you with a +0 giant club!
You hit the two-headed ogre.
The two-headed ogre is heavily wounded.
The sentinel's mark upon you fades away.
You hit the two-headed ogre.
Your headbutt misses the two-headed ogre.
The two-headed ogre is heavily wounded.
The two-headed ogre hits you with a +0 heavy dire flail!
The two-headed ogre hits you but does no damage.
You hit the two-headed ogre.
You headbutt the two-headed ogre, but do no damage.
The two-headed ogre is heavily wounded.
The two-headed ogre hits you with a +0 heavy dire flail!!
The two-headed ogre hits you with a +0 giant club!
* * * LOW HITPOINT WARNING * * *
The two-headed ogre hits you with a +0 heavy dire flail!
* * * LOW HITPOINT WARNING * * *
The two-headed ogre barely misses you.
You hit the two-headed ogre.
The two-headed ogre is severely wounded.
You barely miss the two-headed ogre.
The two-headed ogre is severely wounded.
The two-headed ogre closely misses you.
The two-headed ogre hits you with a +0 giant club!
You die...

........#'### ......
........#..# .... ........##.#
.... ........##.# ...
........##.# #.# ##########.#
##########'## ###### #.#
#........>O.# #..).# #.##
#####.........@.# #.##.# #..#
#...............# #.##.# ##..
#[####.....###+####'##'########
#.# #.....# #..........# # #.#
####### ####......)#### #.#
####.........))).. #.#
###............)#### #.#
##.......#.......# #.#
#......###.......##


You could see a two-headed ogre.

Vanquished Creatures
  The ghost of mitya21 the Changeling, an amateur OpSh of Okawaru (D:4)
  Pargi (Sewer)
  2 ice beasts (D:5)
  A brain worm (Sewer)
  2 phantoms (D:5)
  A gnoll sergeant (D:5)
  A bombardier beetle (D:5)
  4 crimson imps (D:3)
  A hound (D:5)
  2 iguanas
  Ijyb (D:5)
  A sleepcap (D:4)
  An orc wizard (D:4)
  13 gnolls
  2 adders (D:2)
  2 river rats (D:5)
  A white imp (D:5)
  A dart slug (D:3)
  A ribbon worm (D:5)
  5 orcs
  11 endoplasms
  2 giant cockroaches
  7 goblins
  5 hobgoblins
  2 jackals (D:3)
  7 kobolds
  5 quokkas
  3 ball pythons
  11 bats
  15 frilled lizards
  6 rats
118 creatures vanquished.

Notes
Turn   | Place    | Note
-------+----------+-------------------------------------------
     0 | D:1      | Curundu the Minotaur Berserker began the quest for the Orb.
     0 | D:1      | Reached XP level 1. HP: 19/19 MP: 0/0
   167 | D:1      | Reached XP level 2. HP: 15/27 MP: 1/1
   420 | D:1      | Reached skill level 4 in Axes
  1404 | D:2      | Found a faded altar of an unknown god.
  1489 | D:2      | Reached XP level 3. HP: 29/33 MP: 2/2
  1693 | D:2      | Reached ** piety under Trog
  1696 | D:2      | Reached XP level 4. HP: 13/41 MP: 3/3
  2530 | D:3      | Found a broken altar of Ashenzari.
  2543 | D:3      | Reached skill level 5 in Axes
  2576 | D:3      | Reached skill level 5 in Fighting
  2649 | D:3      | Reached XP level 5. HP: 47/48 MP: 4/4
  2657 | D:3      | Found a shimmering altar of Xom.
  2683 | D:3      | Reached XP level 6. HP: 15/56 MP: 5/5
  3163 | D:4      | Found Zuton's Assorted Antiques.
  3207 | D:4      | Reached skill level 6 in Axes
  3260 | D:4      | Bought a cloak for 94 gold pieces
  3501 | D:4      | Found a hazy altar of Hepliaklqana.
  3597 | D:4      | Reached skill level 1 in Stealth
  3878 | D:4      | Found a runed translucent door.
  3883 | D:4      | Noticed mitya21's ghost (amateur OpSh)
  3893 | D:4      | Killed mitya21's ghost
  3894 | D:4      | Reached XP level 7. HP: 62/62 MP: 6/6
  4175 | D:5      | Entered Level 5 of the Dungeon
  4175 | D:5      | Noticed Ijyb
  4183 | D:5      | Killed Ijyb
  4276 | D:5      | Reached skill level 7 in Axes
  4507 | D:5      | Identified the +7 flail "Jolitt" {pain, rN+ Str-4 SInv}
  4521 | D:5      | Reached *** piety under Trog
  4524 | D:5      | Reached skill level 5 in Armour
  4848 | D:5      | Found a glowing drain.
  4856 | Sewer    | Entered a sewer
  4887 | Sewer    | Reached XP level 8. HP: 60/71 MP: 4/7
  4888 | Sewer    | Noticed Pargi
  4896 | Sewer    | Killed Pargi
  5027 | D:5      | Reached skill level 8 in Axes
  5246 | D:5      | Noticed a two-headed ogre
  5255 | D:5      | Slain by a two-headed ogre

Illustrated notes

Levels and vault maps discovered:
D:1:      minmay_arrival_up_and_down, layout_basic, minmay_gold_behind_fungi,
          dreamdust_princess_bridge
D:2:      layout_loops_corners, shapermc_ecumenical_altar_totnotflames,
          nicolae_kite_square_tiling_tiny, nicolae_twisty_statue_hallways
D:3:      layout_basic, led_xom_imps, mainiacjoe_overflow_24_doors
D:4:      layout_gridville, nicolae_hepliaklqana_hazy_memory, serial_shops,
          nicolae_inconvenience_store, ebering_ghost_reflecting_pool,
          solitary_fountain, kennysheep_small_circle
D:5:      layout_basic, lightli_sewer_entry_pipes, serial_curves,
          eino_curves_02, eino_curves_04, grunt_decor_fettered,
          minmay_lizard_king, uniq_ijyb

Skill      XL: |  1  2  3  4  5  6  7  8 |
---------------+-------------------------+-----
Fighting       | 4 5 6 7 |  7.0
Axes           | 4 5 6 7 8 |  8.2
Dodging        | 3 4 |  4.3
Armour         | 3 4 5 6 |  6.3
Stealth        | 1 |  1.3

Action                     |  1- 3 |  4- 6 |  7- 9 || total
---------------------------+-------+-------+-------++-------
  Melee: Hand axe          |    70 |    87 |   129 ||   286
         Headbutt          |    11 |    17 |    22 ||    50
         War axe           |       |       |     8 ||     8
 Invoke: Berserk           |     1 |     2 |     2 ||     5
         Trog's Hand       |       |     2 |     2 ||     4
    Use: Scroll            |       |     8 |     2 ||    10
 Armour: Animal skin       |    40 |    13 |       ||    53
         Ring mail         |       |    21 |       ||    21
         Chain mail        |       |    23 |   125 ||   148
  Dodge: Dodged            |    44 |    51 |    79 ||   174
